 Dungeon Crawl Stone Soup version 0.29.0-4-gdea44cf6ec (webtiles) character file.

Game seed: 9862624984913767093

1233 qw the Grappler (level 8, -14/75 HPs)
             Began as a Troll Cinder Acolyte on Sept 3, 2022.
             Was a High Priest of Ignis.
             Killed from afar by a swamp worm (15 damage)
             ... with a harpoon shot
             ... on level 7 of the Dungeon.
             The game lasted 00:02:47 (4525 turns).

qw the Grappler (Troll Cinder Acolyte)              Turns: 4525, Time: 00:02:47

Health: -14/75     AC: 13    Str: 25      XL:     8   Next: 24%
Magic:  8/8        EV:  9    Int:  9 (10) God:    Ignis [*****.]
Gold:   364        SH:  0    Dex:  2 (5)  Spells: 9/9 levels left

rFire   + + .      SeeInvis .     - Unarmed
rCold   . . .      Faith    .   (no shield)
rNeg    . . .      Spirit   .   g - +2 robe {rF+}
rPois   .          Reflect  .   (helmet restricted)
rElec   .          Harm     .   (no cloak)
rCorr   .          Rampage  .   (gloves unavailable)
Will    .....                   (boots unavailable)
Stlth   +.........              (no amulet)
HPRegen 1.02/turn               (no ring)
MPRegen 0.11/turn               (no ring)

@: about to teleport, fiery-armoured, very slow
A: large, unfitting armour, claws 3, regeneration 1, shaggy fur 1, tough skin 1
a: Renounce Religion, Fiery Armour, Foxfire Swarm, Rising Flame


You were on level 7 of the Dungeon.
You worshipped Ignis.
Ignis was extremely pleased with you.
You visited 1 branch of the dungeon, and saw 7 of its levels.

You collected 364 gold pieces.


Innate Abilities, Weirdness & Mutations

You are too large for most types of armour.
You have claws for hands.
Your natural rate of healing is unusually fast.
You are covered in fur. (AC +1)
You have tough skin. (AC +1)


   Skills:
 - Level 3.5 Fighting
 - Level 1.2 Dodging
 + Level 9.7 Unarmed Combat
 - Level 1.0 Spellcasting
 - Level 2.1 Fire Magic


You had 9 spell levels left.
You didn't know any spells.
Your spell library contained the following spells:

 Spells                   Type           Power      Damage    Failure   Level
 Scorch                   Fire           8%         2d5       22%         2

Inventory:

Armour
 g - a +2 robe of fire resistance (worn)
Scrolls
 a - a scroll of teleportation
 e - 2 scrolls of identify
 h - a scroll of enchant weapon
Potions
 b - 2 potions of haste
 c - a potion of resistance
 d - 2 potions of heal wounds
 j - a potion of might

Dungeon Overview and Level Annotations

Branches:
Dungeon (7/15)
 Temple: D:4-7

Altars:
Cheibriados
Dithmenos
Okawaru
Qazlal
Sif Muna
Vehumet
Xom
The Shining One

Shops:
D:6 (

Annotations:
D:2 1 runed translucent door, Crazy Yiuf
D:7 Menkaure


Message History

You are yanked forward by the harpoon shot.
Splash!
You fall into the shallow water.
Moving in this stuff is going to be slow.
A killer bee comes into view.
The killer bee buzzes angrily.
Found a buckler.
You scratch the swamp worm but do no damage.
The swamp worm is severely wounded.
You hear an angry buzzing noise. x2
The swamp worm barely misses you.
You closely miss the swamp worm.
The swamp worm is severely wounded.
The swamp worm barely misses you.
The swamp worm fires a harpoon shot at you.
The harpoon shot hits you!
You are yanked forward by the harpoon shot.
Found 9 gold pieces.
You claw the swamp worm!
The swamp worm is heavily wounded.
The swamp worm fires a harpoon shot at you.
The harpoon shot hits you!
You are yanked forward by the harpoon shot.
Splash!
You fall into the shallow water.
Moving in this stuff is going to be slow.
A killer bee comes into view.
4525 ||| READING 2 scrolls of teleportation.
As you read the scroll of teleportation, it crumbles to dust.
You feel strangely unstable. The swamp worm bites you!
The swamp worm is burned by your cloak of flames.
The swamp worm is almost dead.
A killer bee comes into view.
The killer bee stings you but does no damage.
The killer bee is burned by your cloak of flames.
The killer bee is moderately wounded.
The swamp worm fires a harpoon shot at you.
The harpoon shot hits you!
You die...

#.......# #.......#
#.......# #.......#
#.......#
#.......######
........w....#
..$.....#..#.#
...../..~y@~~##
.######~~~~w~~#
#~~~~~~~##
#####~y##~##~~##
M.##...~~~#~~~#~~~#
..#....~~##~~~##~~#
.......~~#~)~~ #~~#
#.....y~##[~~##~~#
##.....~~~# #~~~#


You could see 2 swamp worms and 3 killer bees.

Vanquished Creatures
  Sigmund (D:2)
  A sky beast (D:6)
  A black bear (D:5)
  An orc warrior (D:6)
  An ogre (D:7)
  A kobold brigand (D:7)
  2 bullfrogs
  2 scorpions (D:5)
  2 hounds
  A jelly (D:6)
  An iguana (D:4)
  2 orc wizards (D:5)
  A gnoll (D:4)
  7 adders
  A white imp (D:7)
  2 ufetubi
  2 worms
  5 dart slugs
  9 orcs
  3 bats
  6 endoplasms
  4 giant cockroaches
  9 hobgoblins
  8 jackals
  A quokka (D:3)
  10 ball pythons
  5 frilled lizards
  12 goblins
  12 kobolds
  7 rats
120 creatures vanquished.

Vanquished Creatures (others)
  4 plants (D:7)
4 creatures vanquished.

Grand Total: 124 creatures vanquished

Notes
Turn   | Place    | Note
-------+----------+-------------------------------------------
     0 | D:1      | qw the Troll Cinder Acolyte began the quest for the Orb.
     0 | D:1      | Reached XP level 1. HP: 22/22 MP: 1/1
     0 | D:1      | 0 ||| qw: Version: 0.1-a-102-g441f92d
     0 | D:1      | 0 ||| qw: Game counter: 5197
     0 | D:1      | 0 ||| qw: Always use a shield: true
     0 | D:1      | 0 ||| qw: God list: Okawaru
     0 | D:1      | 0 ||| qw: Allow faded altars: false
     0 | D:1      | 0 ||| qw: Do Orc after D:15 true
     0 | D:1      | 0 ||| qw: Do second Lair branch before Depths: true
     0 | D:1      | 0 ||| qw: Lair rune preference: random
     0 | D:1      | 0 ||| qw: Plans: Normal
     0 | D:1      | 0 ||| PLANNING D:1-11
    26 | D:1      | 26 ||| Stepping ~*~*~tactically~*~*~ (stealth).
    29 | D:1      | 29 ||| Stepping ~*~*~tactically~*~*~ (stealth).
    43 | D:1      | Found a faded altar of an unknown god.
   102 | D:1      | Reached XP level 2. HP: 27/29 MP: 2/2
   282 | D:1      | 282 ||| Stepping ~*~*~tactically~*~*~ (stealth).
   293 | D:1      | 293 ||| Stepping ~*~*~tactically~*~*~ (stealth).
   295 | D:1      | 295 ||| Stepping ~*~*~tactically~*~*~ (stealth).
   303 | D:1      | Reached skill level 4 in Unarmed Combat
   415 | D:1      | 415 ||| Stepping ~*~*~tactically~*~*~ (hiding).
   828 | D:1      | 828 ||| Stepping ~*~*~tactically~*~*~ (stealth).
   897 | D:1      | 897 ||| READING scroll labelled NEB KETHROIMO.
   898 | D:1      | 898 ||| READING 2 scrolls labelled HUODIG TETUS.
   899 | D:1      | 899 ||| DROPPING scroll of vulnerability.
   936 | D:2      | Reached XP level 3. HP: 36/36 MP: 3/3
   947 | D:2      | 947 ||| Stepping ~*~*~tactically~*~*~ (stealth).
  1017 | D:2      | 1017 ||| Stepping ~*~*~tactically~*~*~ (stealth).
  1129 | D:2      | Noticed Sigmund
  1131 | D:2      | 1131 ||| Stepping ~*~*~tactically~*~*~ (stealth).
  1133 | D:2      | 1133 ||| Stepping ~*~*~tactically~*~*~ (stealth).
  1142 | D:2      | 1142 ||| INVOKING Fiery Armour.
  1145 | D:2      | HP: 7/36 [something (9)]
  1149 | D:2      | 1149 ||| Stepping ~*~*~tactically~*~*~ (stealth).
  1151 | D:2      | Killed Sigmund
  1152 | D:2      | Reached skill level 6 in Unarmed Combat
  1152 | D:2      | Reached XP level 4. HP: 9/44 MP: 4/4
  1152 | D:2      | Reached XP level 5. HP: 10/50 MP: 5/5
  1286 | D:2      | Found a runed translucent door.
  1287 | D:2      | Noticed Crazy Yiuf
  1513 | D:2      | 1513 ||| READING 2 scrolls labelled JOEDIF URIMM.
  1514 | D:2      | 1514 ||| DRINKING 2 viscous puce potions.
  1591 | D:3      | 1591 ||| Stepping ~*~*~tactically~*~*~ (stealth).
  1594 | D:3      | 1594 ||| Stepping ~*~*~tactically~*~*~ (stealth).
  1604 | D:3      | 1604 ||| Stepping ~*~*~tactically~*~*~ (stealth).
  1672 | D:3      | 1672 ||| Stepping ~*~*~tactically~*~*~ (outnumbered).
  1673 | D:3      | 1673 ||| Stepping ~*~*~tactically~*~*~ (outnumbered).
  1674 | D:3      | 1674 ||| Stepping ~*~*~tactically~*~*~ (outnumbered).
  1778 | D:3      | Reached XP level 6. HP: 55/59 MP: 6/6
  1895 | D:3      | 1895 ||| Stepping ~*~*~tactically~*~*~ (hiding).
  2116 | D:3      | Found an iron altar of Okawaru.
  2122 | D:3      | 2122 ||| READING scroll labelled FORRYE XOCUOT.
  2126 | D:3      | 2126 ||| READING scroll labelled BUEDWE TEPU.
  2127 | D:3      | 2127 ||| DRINKING 2 clear potions.
  2182 | D:4      | 2182 ||| Stepping ~*~*~tactically~*~*~ (outnumbered).
  2183 | D:4      | 2183 ||| Stepping ~*~*~tactically~*~*~ (outnumbered).
  2184 | D:4      | 2184 ||| Stepping ~*~*~tactically~*~*~ (outnumbered).
  2185 | D:4      | 2185 ||| Stepping ~*~*~tactically~*~*~ (outnumbered).
  2249 | D:4      | Reached skill level 7 in Unarmed Combat
  2367 | D:4      | 2367 ||| Stepping ~*~*~tactically~*~*~ (stealth).
  2383 | D:4      | Found a shadowy altar of Dithmenos.
  2620 | D:4      | Found a snail-covered altar of Cheibriados.
  2750 | D:4      | 2750 ||| READING scroll labelled IGUFAN EPNUACEGU.
  2751 | D:4      | 2751 ||| READING scroll labelled ZEERUCLO UCAF.
  2752 | D:4      | 2752 ||| READING scroll labelled DIHIWK NOFOFF.
  2753 | D:4      | 2753 ||| READING scroll labelled RURPHE UKAJI.
  2754 | D:4      | 2754 ||| READING scroll of teleportation.
  2772 | D:5      | Entered Level 5 of the Dungeon
  2883 | D:5      | 2883 ||| Stepping ~*~*~tactically~*~*~ (stealth).
  2895 | D:5      | Reached skill level 8 in Unarmed Combat
  2895 | D:5      | Reached XP level 7. HP: 56/66 MP: 7/7
  2931 | D:5      | Found a radiant altar of Vehumet.
  2943 | D:5      | 2943 ||| Stepping ~*~*~tactically~*~*~ (hiding).
  2948 | D:5      | 2948 ||| Stepping ~*~*~tactically~*~*~ (stealth).
  3146 | D:5      | Found a glowing golden altar of the Shining One.
  3178 | D:5      | Reached skill level 3 in Fighting
  3224 | D:5      | Found a shimmering blue altar of Sif Muna.
  3443 | D:5      | 3443 ||| UPGRADING to +2 robe of fire resistance.
  3453 | D:5      | 3453 ||| DROPPING +0 robe.
  3454 | D:5      | 3454 ||| READING scroll labelled WEOBUE OKHLI.
  3455 | D:5      | 3455 ||| READING 5 scrolls of identify.
  3455 | D:5      | 3455 ||| IDENTIFYING viscous white potion
  3456 | D:5      | 3456 ||| READING 4 scrolls of identify.
  3456 | D:5      | 3456 ||| IDENTIFYING puce potion
  3457 | D:5      | 3457 ||| READING 3 scrolls of identify.
  3457 | D:5      | 3457 ||| IDENTIFYING fizzy ruby potion
  3458 | D:5      | 3458 ||| DROPPING potion of lignification.
  3511 | D:6      | Found a shimmering altar of Xom.
  3544 | D:6      | Found Cifadar's Weapon Emporium.
  3547 | D:6      | 3547 ||| Stepping ~*~*~tactically~*~*~ (hiding).
  3550 | D:6      | 3550 ||| Stepping ~*~*~tactically~*~*~ (hiding).
  3580 | D:6      | 3580 ||| INVOKING Fiery Armour.
  3581 | D:6      | 3581 ||| Stepping ~*~*~tactically~*~*~ (outnumbered).
  3582 | D:6      | 3582 ||| Stepping ~*~*~tactically~*~*~ (outnumbered).
  3583 | D:6      | 3583 ||| Stepping ~*~*~tactically~*~*~ (outnumbered).
  3585 | D:6      | 3585 ||| Stepping ~*~*~tactically~*~*~ (outnumbered).
  3587 | D:6      | 3587 ||| FLEEEEING.
  3588 | D:6      | 3588 ||| FLEEEEING.
  3589 | D:6      | 3589 ||| FLEEEEING.
  3591 | D:6      | 3591 ||| FLEEEEING.
  3592 | D:6      | 3592 ||| STAIRDANCE
  3660 | D:6      | Reached skill level 9 in Unarmed Combat
  3917 | D:6      | Found a stormy altar of Qazlal.
  3974 | D:6      | Reached skill level 1 in Dodging
  3974 | D:6      | Reached XP level 8. HP: 73/75 MP: 8/8
  4390 | D:6      | 4390 ||| READING scroll labelled REUQU DYEKK.
  4391 | D:6      | 4391 ||| READING scroll labelled KOPATS FITZ.
  4392 | D:6      | 4392 ||| DRINKING 2 black potions.
  4393 | D:6      | 4393 ||| READING 3 scrolls of identify.
  4393 | D:6      | 4393 ||| IDENTIFYING viscous black potion
  4394 | D:6      | 4394 ||| DROPPING potion of invisibility.
  4395 | D:6      | 4395 ||| DROPPING potion of degeneration.
  4463 | D:7      | 4463 ||| INVOKING Fiery Armour.
  4468 | D:7      | Noticed Menkaure
  4469 | D:7      | 4469 ||| Stepping ~*~*~tactically~*~*~ (outnumbered).
  4477 | D:7      | 4477 ||| Stepping ~*~*~tactically~*~*~ (outnumbered).
  4478 | D:7      | 4478 ||| Stepping ~*~*~tactically~*~*~ (outnumbered).
  4479 | D:7      | 4479 ||| Stepping ~*~*~tactically~*~*~ (outnumbered).
  4524 | D:7      | HP: 8/75 [swamp worm/harpoon shot (11)]
  4525 | D:7      | 4525 ||| READING 2 scrolls of teleportation.
  4525 | D:7      | HP: 1/75 [swamp worm (8)]
  4525 | D:7      | Killed from afar by a swamp worm

Levels and vault maps discovered:
D:1:      minmay_arrival_diagonal_passages, layout_loops_ring,
          hellmonk_ecumenical_altar_blasted, minmay_hedge_maze
D:2:      layout_rooms, uniq_sigmund, uniq_crazy_yiuf_cottage
D:3:      layout_rooms, mainiacjoe_overflow_alcove_2
D:4:      layout_basic, kennysheep_slug_shrine, kennysheep_mini_moat,
          st_stairs_8
D:5:      layout_basic, nicolae_sif_muna_little_library, vehumet_crystals,
          mainiacjoe_overflow_chevrons
D:6:      layout_gridville, mainiacjoe_overflow_paths, xom_teletrap_fun,
          serial_shops, nicolae_shop_bloodbath_and_beyond, nrook_campfire,
          kennysheep_generic_room_12
D:7:      layout_rooms, mainiacjoe_overflow_24_doors,
          mainiacjoe_overflow_large_starburst, temple_statues,
          chequers_serial_rivers_room_a, worms_lemuel, uniq_menkaure,
          uniq_duvessa

Skill      XL: |  1  2  3  4  5  6  7 |
---------------+----------------------+-----
Unarmed Combat | 4 6 8 9 |  9.7
Fighting       | 3 |  3.5
Dodging        | 1 |  1.2
Spellcasting   | |  1.0
Fire Magic     | |  2.1

Action                   |  1- 3 |  4- 6 |  7- 9 || total
-------------------------+-------+-------+-------++-------
Melee: Unarmed           |    81 |   143 |    84 ||   308
       Punch             |     2 |     3 |     1 ||     6
Invok: Fiery Armour      |     1 |       |     2 ||     3
  Use: Scroll            |     2 |     8 |     8 ||    18
       Potion            |       |     2 |     1 ||     3
Armor: Robe              |    20 |    40 |    44 ||   104
Dodge: Dodged            |    19 |    41 |    36 ||    96

Table legend:
 A = Non-vault XP
 B = Vault XP
 C = Vault XP percentage of total XP
 D = Non-vault monster count
 E = Vault monster count
 F = Vault count percentage of total count
                 A         B        C        D         E       F
            +---------+---------+-------+---------+---------+-------
      Total |    1416 |     346 |  19.6 |     115 |       5 |   4.2
            +---------+---------+-------+---------+---------+-------
        D:1 |      38 |       0 |   0.0 |      21 |       0 |   0.0
        D:2 |      64 |     243 |  79.2 |      22 |       1 |   4.3
        D:3 |      58 |       0 |   0.0 |      26 |       0 |   0.0
        D:4 |      88 |      60 |  40.5 |      18 |       3 |  14.3
        D:5 |     421 |       0 |   0.0 |      13 |       0 |   0.0
        D:6 |     416 |      43 |   9.4 |       7 |       1 |  12.5
        D:7 |     331 |       0 |   0.0 |       8 |       0 |   0.0
            +---------+---------+-------+---------+---------+-------
